 Dungeon Sprint DCSS version 0.22-a0-601-gb0ed703 (webtiles) character file.

1624 raistware the Blocker (level 8, -5/46 HPs)
             Began as a Gargoyle Fighter on July 6, 2018.
             Was an Elder of Qazlal.
             Killed by divine providence
             ... invoked by an orc priest
              (15 damage)
             ... in the Dungeon (Sprint V: "Ziggurat Sprint").
             The game lasted 00:04:52 (284 turns).

raistware the Blocker (Gargoyle Fighter)             Turns: 284, Time: 00:04:54

Health: -5/46      AC: 30    Str: 35    XL:     8   Next: 97%
Magic:  9/13       EV:  3    Int:  8    God:    Qazlal [****..]
Gold:   0          SH: 37    Dex:  9    Spells: 7/7 levels left

rFire    + + .     SeeInvis .   E - +8 lance "Wyrmbane" {slay drac, rPois rF+ rC+ AC+3}
rCold    + + .     Gourm    .   F - +18 shield of the Gong {rElec rN+ MR+ EV-5}
rNeg     + + .     Faith    .   l - +5 gold dragon scales
rPois    ∞         Spirit   .   (no helmet)
rElec    +         Reflect  .   (no cloak)
rCorr    .         Harm     .   (no gloves)
MR       +....     NoTele   +   (no boots)
Stlth    ..........             (no amulet)
HPRegen  0.15/turn              B - +6 ring of strength
MPRegen  0.13/turn              C - +6 ring of strength

@: repel missiles
A: negative energy resistance 1, electricity resistance, unbreathing,
petrification resistance, rot immunity, AC +5
a: Upheaval, Elemental Force, Renounce Religion


You were in the Dungeon.
You worshipped Qazlal.
Qazlal was greatly pleased with you.
You were not hungry.

You visited 1 branch

Inventory:

Hand Weapons
 E - the +8 lance "Wyrmbane" (weapon) {slay drac, rPois rF+ rC+ AC+3}
   (You found it in the Dungeon)

   It affects your AC (+3).
   It protects you from fire.
   It protects you from cold.
   It protects you from poison.
Armour
 l - +5 gold dragon scales (worn)
 F - the +18 shield of the Gong (worn) {rElec rN+ MR+ EV-5}
   (You found it in the Dungeon)

   It affects your evasion (-5).
   It insulates you from electricity.
   It protects you from negative energy.
   It affects your resistance to hostile enchantments.
Jewellery
 x - a +6 ring of dexterity
 y - a +6 ring of dexterity
 B - a +6 ring of strength (left hand)
 C - a +6 ring of strength (right hand)
Wands
 u - a wand of disintegration (7)
 v - a wand of iceblast (6)
 w - a wand of acid (6)
Scrolls
 a - 4 scrolls of amnesia
 b - 7 scrolls of fog
 c - a scroll of holy word
 k - 4 scrolls of blinking
 m - 5 scrolls of identify
 n - 5 scrolls of remove curse
 o - 2 scrolls of fear
Potions
 d - 6 potions of might
 e - 10 potions of curing
 g - 10 potions of heal wounds
 h - 6 potions of haste
 i - 7 potions of magic
 j - 3 potions of berserk rage
 p - 2 potions of brilliance
 q - 2 potions of invisibility
 r - 4 potions of resistance
 t - 5 potions of agility
Miscellaneous
 s - a box of beasts
 D - a lightning rod (4/4)
Comestibles
 f - 7 rations


   Skills:
 - Level 3.2 Fighting
 * Level 9.9 Polearms
 + Level 9.5 Armour
 + Level 5.7 Dodging
 * Level 11.8 Shields
 + Level 7.4 Invocations


You had 7 spell levels left.
You didn't know any spells.
Your spell library was empty.

Dungeon Overview and Level Annotations

Branches:
Dungeon (1/1)

Altars:
Ashenzari
Cheibriados
Dithmenos
Elyvilon
Fedhas
Gozag
Hepliaklqana
Kikubaaqudgha
Makhleb
Nemelex Xobeh
Okawaru
Qazlal
Ru
Sif Muna
Trog
Uskayaw
Vehumet
Wu Jian
Xom
Yredelemnul
Zin
The Shining One
Beogh
Jiyva
Lugonu

Annotations:
D 1 transporter


Innate Abilities, Weirdness & Mutations

You are resistant to torment.
Your stone body is resilient. (AC +5)
You are immune to poison.
You resist negative energy. (rN+)
You are resistant to electric shocks. (rElec)
You can survive without breathing.
You are immune to petrification.
You are immune to rotting.


Message History

Qazlal accepts your kill.
The storm surrounding you is powerful enough to repel missiles.
You adapt resistances upon receiving elemental damage.
The orc priest mumbles some strange prayers to Beogh against you.
Beogh smites you!
Unknown command.
Unknown command.
You hit the orc priest.
The orc priest is lightly wounded.
The orc priest invokes the aid of Beogh against you.
Beogh smites you!
* * * LOW HITPOINT WARNING * * *
Unknown command.
You closely miss the orc priest.
The orc priest is lightly wounded.
You block the orc's attack.
SHROANNG!
The orc priest calls down the wrath of Beogh upon you.
Beogh smites you!
You die...

▓..©..▓..©..▓▓▓▓▓▓▓
▓▓▓▓▓▓▓▓▓▓▓▓▓▓▓▓▓▓▓
▓..8©8...▓..8©8...▓
▓..=)|...▓..)o)...▓
▓........▓..:.≈...▓
▓........▓...o....▓
▓........▓........▓
▓.▓....▓.▓.§o§o...▓
▓...©....▓...@....▓
▓▓▓▓▓▓▓▓▓▓▓▓▓▓▓▓▓▓▓


You could see 2 orc priests, an orc wizard and an orc.

Vanquished Creatures
  An ugly thing (D)
  2 toenail golems (D)
  A hornet (shapeshifter) (D)
  2 golden eyes (D)
  A water moccasin (shapeshifter) (D)
  A swamp drake (shapeshifter) (D)
  A jelly (D)
  An orc priest (D)
  An ufetubus (D)
  An ooze (D)
  A ball python skeleton (D)
  A jackal zombie (D)
14 creatures vanquished.

Vanquished Creatures (others)
  2 spatial maelstroms (D)
2 creatures vanquished.

Grand Total: 16 creatures vanquished

Notes
Turn   | Place    | Note
-------+----------+-------------------------------------------
     0 | D        | Found the +6 Majin-Bo {vamp, Archmagi MP+6 Int+6}
     0 | D        | Found the +7 great mace "Firestarter" {inner flame, rF++}
     0 | D        | raistware the Gargoyle Fighter began the quest for the Orb.
     0 | D        | Reached XP level 1. HP: 14/14 MP: 1/1
    11 | D        | Banished a spatial maelstrom
    13 | D        | Banished a spatial maelstrom
    21 | D        | Found a blossoming altar of Fedhas.
    22 | D        | Found a transporter.
    22 | D        | Found a viscous altar of Jiyva.
    22 | D        | Found an ancient bone altar of Kikubaaqudgha.
    22 | D        | Found a hazy altar of Hepliaklqana.
    22 | D        | Found a corrupted altar of Lugonu.
    22 | D        | Found an opulent altar of Gozag.
    22 | D        | Found a burning altar of Makhleb.
    23 | D        | Found a sacrificial altar of Ru.
    23 | D        | Found a stormy altar of Qazlal.
    23 | D        | Found a deep blue altar of Sif Muna.
    23 | D        | Found an iron altar of Okawaru.
    23 | D        | Found a bloodstained altar of Trog.
    23 | D        | Found a sparkling altar of Nemelex Xobeh.
    43 | D        | Found the +6 shillelagh "Devastator" {shatter}
    43 | D        | Found the +11 plutonium sword {*Contam Stlth-}
    43 | D        | Found the +8 lance "Wyrmbane" {slay drac, rPois rF+ rC+ AC+3}
    43 | D        | Found the +9 sword of Zonguldrok {reap}
    43 | D        | Found the cursed +13 scythe of Curses {drain, *Curse}
    43 | D        | Found the +0 sword of Power
    43 | D        | Found the +7 mace of Variability {chain chaos}
    43 | D        | Found the +7 Singing Sword
    43 | D        | Found the +7 longbow "Piercer" {penet, EV-2}
    45 | D        | Found the +9 heavy crossbow "Sniper" {velocity, Acc+∞ SInv}
    45 | D        | Found the +10 dark maul {crush}
    45 | D        | Found the +15 Maxwell's patent armour {-Cast -Tele rElec MR+ rCorr}
    45 | D        | Found the +18 shield of the Gong {rElec rN+ MR+ EV-5}
    45 | D        | Found the cursed +14 obsidian axe {chop, +Fly SInv *Curse}
    66 | D        | Became a worshipper of Qazlal Stormbringer
    73 | D        | Reached skill level 5 in Armour
    73 | D        | Reached skill level 5 in Shields
    73 | D        | Reached XP level 2. HP: 19/19 MP: 2/2
    75 | D        | Entered arena 2.
    75 | D        | Noticed a toenail golem
    75 | D        | Noticed a toenail golem
    75 | D        | Found a transporter.
    84 | D        | Killed a toenail golem
    84 | D        | Reached skill level 9 in Shields
    84 | D        | Reached XP level 3. HP: 23/23 MP: 2/6
    84 | D        | Reached XP level 4. HP: 28/28 MP: 2/7
    84 | D        | Reached XP level 5. HP: 32/32 MP: 2/8
    84 | D        | Reached XP level 6. HP: 37/37 MP: 2/9
    98 | D        | Killed a toenail golem
    98 | D        | Reached skill level 10 in Shields
    98 | D        | Reached skill level 5 in Invocations
    98 | D        | Reached XP level 7. HP: 41/41 MP: 3/11
   164 | D        | Entered arena 3.
   164 | D        | Found a transporter.
   171 | D        | Reached * piety under Qazlal
   184 | D        | Entered arena 4.
   184 | D        | Noticed a hornet
   184 | D        | Noticed a white ugly thing
   184 | D        | Found a transporter.
   191 | D        | Reached ** piety under Qazlal
   198 | D        | Reached XP level 8. HP: 46/46 MP: 12/12
   201 | D        | Killed a white ugly thing
   201 | D        | Reached skill level 5 in Dodging
   201 | D        | Reached skill level 11 in Shields
   203 | D        | Killed a hornet
   213 | D        | Entered arena 5.
   213 | D        | Found a transporter.
   216 | D        | Reached *** piety under Qazlal
   281 | D        | Entered arena 6.
   281 | D        | Found a transporter.
   282 | D        | Reached **** piety under Qazlal
   284 | D        | Killed from afar by an orc priest

Vault maps used:
D:        sprint_v

Skill      XL: |  1  2  3  4  5  6  7  8 |
---------------+-------------------------+-----
Polearms       | 4 7 8 9 |  9.9
Armour         | 5 7 8 9 |  9.5
Shields        | 5 9 10 11 | 11.8
Dodging        | 3 4 5 |  5.7
Invocations    | 4 5 6 7 |  7.4
Fighting       | |  3.2

Action                   |  1- 3 |  4- 6 |  7- 9 || total
-------------------------+-------+-------+-------++-------
Melee: Lance             |     4 |    14 |    38 ||    56
Invok: Upheaval          |       |       |     1 ||     1
Evoke: Wand              |     2 |       |       ||     2
       Lightning rod     |     1 |       |       ||     1
  Use: Potion            |     1 |       |       ||     1
 Stab: Confused          |       |       |     1 ||     1
       Paralysed         |       |       |     1 ||     1
Armor: Gold dragon scale |     2 |     2 |    19 ||    23
Dodge: Dodged            |       |       |     5 ||     5
Block: Shield            |     9 |     9 |    32 ||    50

Table legend:
 A = Spawn XP
 B = Non-spawn XP
 C = Spawn XP percentage of total XP
 D = Spawn monster count
 E = Non-spawn monster count
 F = Spawn count percentage of total count
 G = Total turns spent on level
                    A         B        C        D         E        F      G
               +---------+---------+-------+---------+---------+-------+---------
         Total |       0 |    2311 |   0.0 |       0 |      14 |   0.0 |   284
               +---------+---------+-------+---------+---------+-------+---------
             D |       0 |    2311 |   0.0 |       0 |      14 |   0.0 |   284
               +---------+---------+-------+---------+---------+-------+---------
